 Dungeon Crawl Stone Soup version 0.29-a0-221-gceb61267dd (webtiles) character file.

Game seed: 15089051565709922802

13 sammy202020 the Ruffian (level 2, 16/16 HPs)
             Began as a Vine Stalker Berserker on Feb 27, 2022.
             Was a Follower of Trog.
             Quit the game on level 1 of the Dungeon.
             The game lasted 00:01:43 (672 turns).

sammy202020 the Ruffian (Vine Stalker Berserker)     Turns: 672, Time: 00:01:43

Health: 16/16      AC:  2    Str: 19    XL:     2   Next: 37%
Magic:  3/3        EV: 12    Int:  7    God:    Trog [*.....]
Gold:   42         SH:  0    Dex: 13    Spells: 1/1 levels left

rFire   . . .      SeeInvis .     - Unarmed
rCold   . . .      Faith    .   (no shield)
rNeg    . . .      Spirit   +   a - +0 animal skin
rPois   .          Reflect  .   (no helmet)
rElec   .          Harm     .   (no cloak)
rCorr   .          Rampage  .   (no gloves)
Will    .....                   (no boots)
Stlth   +.........              (no amulet)
HPRegen 0.05/turn               (no ring)
MPRegen 0.08/turn               (no ring)

@: no status effects
A: fangs 2, magic shield, antimagic bite, no potion heal 2
a: Renounce Religion, Berserk


You were on level 1 of the Dungeon.
You worshipped Trog.
Trog was aware of your devotion.
You visited 1 branch of the dungeon, and saw 1 of its levels.

You collected 42 gold pieces.

Inventory:

Armour
 a - a +0 animal skin (worn)
Scrolls
 d - a scroll of summoning {unknown}
 e - a scroll of identify {unknown}
Potions
 b - 2 potions of magic {unknown}
 c - 2 potions of heal wounds {unknown}


   Skills:
 + Level 2.9 Fighting
 + Level 1.8 Armour
 + Level 1.8 Dodging
 + Level 3.1 Unarmed Combat


You had one spell level left.
You didn't know any spells.
Your spell library was empty.

Dungeon Overview and Level Annotations

Branches:
Dungeon (1/15)

Altars:


Innate Abilities, Weirdness & Mutations

You have extremely sharp teeth.
When hurt, damage is shared between your health and your magic reserves.
Your bite disrupts and absorbs the magic of your enemies.
Potions cannot restore your health.


Message History

The ball python constricts you.
You hit the ball python.
You kill the ball python!
Trog accepts your kill. The ball python completely misses you.
The ball python grabs you. The ball python constricts you.
You hit the ball python.
You kill the ball python!
Trog accepts your kill.
No target in view!
No target in view!
No target in view!
No target in view!
No target in view!
No target in view!
No target in view!
No target in view!
No target in view!
No target in view!
No target in view!
No target in view!
No target in view!
No target in view!
c - 2 glowing brown potions
d - a scroll labelled XAS BU ZO GYGH You see here a +0 robe.
e - a scroll labelled NERAFU DOHIDY You open the door.
You open the door.
Found a dagger.
You open the door.
There is an open door here.
You open the door.
There is an open door here.
Found a ring mail.
You now have 42 gold pieces (gained 6).
Found an escape hatch in the floor.
Unknown command.
Unknown command.
Are you sure you want to abandon this character and quit the game? (Confirm with "yes".)

+.....+...........'....
#.....##..........#####
#...........##'#'#....#
#.....[..#####.#.#.##.#
#........# #.#.#.##.#
########### #.#.#..#..
.######....####.#.#.##..
...........'....)....+..
.......@...####.######..
...[...###.# #.........
....... #.# ##########
.....>. #.# ##........
......= #.# #.........
....... #.# #.........
....... #.# #.........
....... .. ##+##.....
#.#####..


There were no monsters in sight!

Vanquished Creatures
  A dart slug (D:1)
  2 endoplasms (D:1)
  A giant cockroach (D:1)
  A goblin (D:1)
  A hobgoblin (D:1)
  3 ball pythons (D:1)
  A kobold (D:1)
10 creatures vanquished.

Notes
Turn   | Place    | Note
-------+----------+-------------------------------------------
     0 | D:1      | sammy202020 the Vine Stalker Berserker began the quest for
                  | the Orb.
     0 | D:1      | Reached XP level 1. HP: 11/11 MP: 2/2
   143 | D:1      | Found a faded altar of an unknown god.
   169 | D:1      | Reached XP level 2. HP: 13/16 MP: 3/3
   672 | D:1      | Quit the game

Illustrated notes

Levels and vault maps discovered:
D:1:      wander_arrival_peaceful_grave, layout_basic, serial_shops,
          nicolae_lakefront_shop, shapermc_ecumenical_altar_acropolis,
          nrook_loot_triangle

Action                   || total
-------------------------++-------
Melee: Unarmed           ||    30
       Bite              ||     5
       Punch             ||     2
Armor: Animal skin       ||     2
Dodge: Dodged            ||    14

Table legend: (Time is in decaauts)
 A = Elapsed time spent in this place.
 B = Non-inter-level travel time spent in this place.
 C = Inter-level travel time spent in this place.
 D = Time resting spent in this place.
 E = Time spent auto-exploring this place.
 F = Levels seen in this place.
 G = Mean time per level.
                   A        B        C        D        E       F      G
               +--------+--------+--------+--------+--------+-----+--------+
         Total |    671 |    671 |      0 |      0 |    595 |   1 |  671.0 |
       Dungeon |    671 |    671 |      0 |      0 |    595 |   1 |  671.0 |
               +--------+--------+--------+--------+--------+-----+--------+

Top non-repeatable levels by time:
     D:1: 671 daAuts
